 Dungeon Crawl Stone Soup version 0.28.0 (webtiles) character file.

Game seed: 9934419968607152251

3094 PieDemon the Destroyer (level 9, 0/48 HPs)
             Began as a Deep Elf Conjurer on Feb 6, 2022.
             Slain by an unseen horror (6 damage)
             ... on level 7 of the Dungeon.
             The game lasted 00:37:39 (8572 turns).

PieDemon the Destroyer (Deep Elf Conjurer)          Turns: 8572, Time: 00:37:40

Health: 0/48       AC:  5    Str:  4    XL:     9   Next: 59%
Magic:  26/33      EV: 13    Int: 34    God:
Gold:   182        SH:  5    Dex: 17    Spells: 15/26 levels left

rFire   . . .      SeeInvis .   L - +7 war axe "Nokk" {venom, *Rage Will+ MP+9 Dex+4}
rCold   . . .      Faith    .   (no shield)
rNeg    . . .      Spirit   .   a - +0 robe
rPois   .          Reflect  +   u - +1 helmet of a Labyrinth {Rampage}
rElec   .          Harm     .   i - +0 cloak
rCorr   .          Rampage  +   (no gloves)
Will    +....      Rage     20% (no boots)
Stlth   +++.......              c - amulet of reflection
HPRegen 0.16/turn               g - +6 ring of intelligence
MPRegen 0.23/turn               t - ring of wizardry

@: hasted, very quick
A: no striking features
a: no special abilities


You were on level 7 of the Dungeon.
You visited 2 branches of the dungeon, and saw 8 of its levels.
You also visited: Ossuary.

You collected 352 gold pieces.
You spent 170 gold pieces at shops.

Inventory:

Hand Weapons
 j - the +8 flail "Ozafrola" {vorpal, rF+}
   (You bought it in a shop on level 4 of the Dungeon)

   It inflicts extra damage upon your enemies.
   rF:        It protects you from fire.
 H - the +7 sceptre of Torment {pain, torment}
   (You took it off a kobold demonologist on level 7 of the Dungeon)

   In the hands of one skilled in necromantic magic, it inflicts extra damage on
   living creatures.
   It occasionally torments all nearby living foes when it strikes in combat.
 L - the +7 war axe "Nokk" (weapon) {venom, *Rage Will+ MP+9 Dex+4}
   (You took it off a centaur on level 7 of the Dungeon)

   It poisons the flesh of those it strikes.
   Dex:       It affects your dexterity (+4).
   MP:        It affects your magic capacity (+9).
   *Rage:     It berserks you when you make melee attacks (+20% chance).
   Will:      It increases your willpower.
Missiles
 l - a curare-tipped dart
 q - 8 atropa-tipped darts
Armour
 a - a +0 robe (worn)
 i - a +0 cloak (worn)
 u - the +1 helmet of a Labyrinth (worn) {Rampage}
   (You found it on level 6 of the Dungeon)

   Rampage:   It bestows one free step when moving towards enemies.
 I - a +2 leather armour of fire resistance
Jewellery
 c - an amulet of reflection (around neck)
 g - a +6 ring of intelligence (left hand)
 r - a ring of willpower
 t - a ring of wizardry (right hand)
 v - a ring of protection from cold
 F - a ring of see invisible
 K - a ring of wizardry
Wands
 n - a wand of polymorph (6)
 w - a wand of iceblast (24)
 J - a wand of mindburst (20)
Scrolls
 e - a scroll of blinking {unknown}
 h - a scroll of magic mapping {unknown}
 k - a scroll of silence {unknown}
 p - 5 scrolls of immolation
 x - a scroll of enchant armour {unknown}
 y - a scroll of fear {unknown}
 D - a scroll of teleportation {unknown}
 G - a scroll of enchant weapon {unknown}
Potions
 b - 2 potions of brilliance {unknown}
 d - 3 potions of haste
 f - 2 potions of mutation
 m - a potion of flight {unknown}
 o - 5 potions of lignification
 s - 6 potions of curing {unknown}
 z - 2 potions of might {unknown}
 A - 3 potions of cancellation
 B - 2 potions of heal wounds {unknown}
 C - a potion of ambrosia {unknown}
 E - a potion of attraction {unknown}


   Skills:
 + Level 2.0 Fighting
 - Level 3.0 Dodging
 - Level 4.0 Stealth
 + Level 9.0 Spellcasting
 + Level 10.6 Conjurations
 + Level 8.3 Hexes
 - Level 2.0 Translocations


You had 15 spell levels left.
You knew the following spells:

 Your Spells              Type           Power      Damage    Failure   Level
a - Magic Dart            Conj           100%       1d8       1%          1
b - Searing Ray           Conj           100%       2d8       1%          2
c - Fulminant Prism       Conj/Hex       34%        3d16      1%          4
d - Iskenderun's Mystic   Conj/Tloc      55%        2d12      1%          4

Your spell library contained the following spells:

 Spells                   Type           Power      Damage    Failure   Level
 Pain                     Necr           60%        1d7       1%          1
 Shock                    Conj/Air       100%       1d9       1%          1
 Dazzling Flash           Conj/Hex       100%       N/A       1%          3
 Vampiric Draining        Necr           15%        2d7       3%          3
 Silence                  Hex/Air        21%        N/A       6%          5
 Agony                    Necr           15%        N/A       32%         5
 Excruciating Wounds      Necr           7%         N/A       32%         5
 Haunt                    Necr/Summ      7%         N/A       100%        7
 Infestation              Necr           7%         N/A       100%        8


Dungeon Overview and Level Annotations

Branches:
Dungeon (7/15)             Temple (1/1) D:7         Ossuary (visited)

Altars:
Ashenzari
Cheibriados
Dithmenos
Elyvilon
Fedhas
Gozag
Hepliaklqana
Kikubaaqudgha
Okawaru
Qazlal
Ru
Sif Muna
Trog
Uskayaw
Wu Jian
Xom
Yredelemnul
The Shining One

Shops:
D:4 (*   D:5 *   D:6 *?

Annotations:
D:2 exclusion: downstairs


Message History

14 arrows; a +0 robe; a +4 vorpal longbow
Things that are here:
a +0 hand crossbow of flaming; a +0 club; 10 bolts You feel agile.
The +7 war axe "Nokk" {venom, *Rage Will+ MP+9 Dex+4} begins to drip with poison!
L - the +7 war axe "Nokk" (weapon)
{venom, *Rage Will+ MP+9 Dex+4} A scorpion comes into view.
Casting: Fulminant Prism (safe; 1% risk of failure)
Confirm with . or Enter, or press ? or * to list all spells.
Aiming: Searing Ray (safe; 1% risk of failure)
Press: ? - help, Shift-Dir - straight line, f - scorpion
Aim: a scorpion (wandering, hasn't noticed you, 83% to hit)
The searing ray hits something.
The searing ray hits the scorpion.
The scorpion is moderately wounded. (Press . to maintain the ray.)
Something hits you but does no damage.
Deactivating autopickup; reactivate with Ctrl-A.
Unknown command.
The searing ray hits something.
The searing ray hits the scorpion!
The scorpion is severely wounded.
Something hits you. Something hits you! Something hits you.
Unknown command.
Unknown command.
The searing ray hits something!
The searing ray hits the scorpion but does no damage.
The scorpion is severely wounded.
Something hits you!
Unknown command.
Unknown command.
Okay, then.
You feel yourself speed up. Something hits you! Something hits you!
* * * LOW HITPOINT WARNING * * *
Unknown command.
Casting: Searing Ray (safe; 1% risk of failure)
Confirm with . or Enter, or press ? or * to list all spells.
You erupt in a blast of force!
The mystic blast hits the scorpion!
You kill the scorpion!
The mystic blast hits something!
Something hits you.
You die...

#....### #.##...###
####.###....#
###..#.........
###....#.###.###.
##.#.#.##.##..# ##
#..####.#.#.#.#.#..##
#'..........#.#.##
#####@#.#.#.#...#
##.#.#.##...#
###....#.####
###.)#)...#####
...###(.........
#..........#####
#..........#
#..........#
#..........#


There were no monsters in sight!

Vanquished Creatures
  A kobold demonologist (D:7)
  A troll (D:7)
  A water moccasin (D:7)
  2 orc warriors
  An ogre (D:5)
  A black bear (D:7)
  A necrophage (D:7)
  A centaur (D:7)
  A phantom (D:6)
  2 kobold brigands
  A bullfrog (D:7)
  4 scorpions
  A water moccasin skeleton (D:7)
  3 wights (D:7)
  2 centaur zombies
  A bullfrog zombie (D:6)
  4 jellies
  5 hounds
  2 centaur skeletons
  An orc priest (D:6)
  A gnoll shaman (D:6)
  2 human zombies (Ossuary)
  2 iguanas (D:4)
  Natasha (thrice) (D:3)
  6 orc wizards
  A hound zombie (D:5)
  6 mummies (Ossuary)
  A howler monkey zombie (D:7)
  26 gnolls
  3 adders
  2 howler monkey skeletons
  A shadow imp (D:6)
  2 white imps
  3 worms
  2 dart slugs
  17 orcs
  5 ball pythons
  7 endoplasms
  4 giant cockroaches
  7 goblins
  10 hobgoblins
  14 kobolds
  4 quokkas
  6 bats
  3 frilled lizards
  2 gnoll zombies (Ossuary)
  A hobgoblin zombie (Ossuary)
  2 kobold zombies (Ossuary)
  4 rats
183 creatures vanquished.

Vanquished Creatures (others)
  39 fulminant prisms
  A withered plant (D:3)
40 creatures vanquished.

Grand Total: 223 creatures vanquished

Notes
Turn   | Place    | Note
-------+----------+-------------------------------------------
     0 | D:1      | PieDemon the Deep Elf Conjurer began the quest for the Orb.
     0 | D:1      | Reached XP level 1. HP: 10/10 MP: 6/6
   265 | D:1      | Reached XP level 2. HP: 15/15 MP: 6/8
   439 | D:1      | Learned a level 2 spell: Searing Ray
  1136 | D:2      | Reached skill level 5 in Conjurations
  1158 | D:2      | Reached XP level 3. HP: 19/19 MP: 5/9
  1395 | D:2      | Found an ornate altar of the Wu Jian Council.
  1686 | D:2      | Reached XP level 4. HP: 24/24 MP: 4/10
  1691 | D:2      | Learned a level 4 spell: Fulminant Prism
  2314 | D:2      | Reached skill level 1 in Hexes
  2416 | D:3      | Reached XP level 5. HP: 18/28 MP: 7/12
  2430 | D:3      | Reached skill level 1 in Fighting
  2747 | D:3      | Noticed Natasha
  2752 | D:3      | Killed Natasha
  2769 | D:3      | Noticed Natasha
  2772 | D:3      | Killed Natasha
  2959 | D:3      | Reached XP level 6. HP: 34/34 MP: 5/14
  3282 | D:3      | Noticed Natasha
  3289 | D:3      | Killed Natasha
  3290 | D:3      | Reached skill level 6 in Conjurations
  3480 | D:3      | Found a faded altar of an unknown god.
  3872 | D:4      | Found Ajaereck's General Store.
  3884 | D:4      | Found Caiwun's Antique Weapon Emporium.
  4008 | D:4      | You fall into a shaft and drop 2 floors!
  4026 | D:6      | Learned a level 4 spell: Iskenderun's Mystic Blast
  4160 | D:6      | Found a hide-covered altar of Uskayaw.
  4180 | D:6      | Identified the +1 helmet of a Labyrinth {Rampage}
  4194 | D:5      | Entered Level 5 of the Dungeon
  4360 | D:5      | Got the Disquisition on Dark Attacks
  4373 | D:5      | Reached XP level 7. HP: 39/39 MP: 10/15
  4418 | D:5      | Reached skill level 1 in Translocations
  4536 | D:5      | Found a sand-covered staircase.
  4542 | Ossuary  | Entered an ossuary
  4562 | Ossuary  | Reached skill level 5 in Spellcasting
  4624 | Ossuary  | Reached skill level 7 in Conjurations
  5033 | Ossuary  | Reached skill level 5 in Hexes
  5311 | D:4      | Bought a smoking flail for 170 gold pieces
  5311 | D:4      | Identified the +8 flail "Ozafrola" {vorpal, rF+} (You
                  | bought it in a shop on level 4 of the Dungeon)
  6234 | D:5      | Found Qiufag's Assorted Antiques.
  6270 | D:5      | Reached XP level 8. HP: 44/44 MP: 12/18
  6514 | D:6      | Reached skill level 8 in Conjurations
  6733 | D:6      | Found a sacrificial altar of Ru.
  6734 | D:6      | Found a shimmering altar of Xom.
  6734 | D:6      | Found a snail-covered altar of Cheibriados.
  6735 | D:6      | Found a hazy altar of Hepliaklqana.
  6997 | D:6      | Found Ugesoawn's Hallowed Reliquary.
  7085 | D:6      | Noticed an angel
  7198 | D:6      | Found Riluebb's Magic Scroll Shoppe.
  7497 | D:6      | Reached skill level 9 in Conjurations
  7734 | D:7      | Found a staircase to the Ecumenical Temple.
  7740 | Temple   | Entered the Ecumenical Temple
  7950 | D:7      | Reached XP level 9. HP: 48/48 MP: 15/22
  8087 | D:7      | Reached skill level 10 in Conjurations
  8090 | D:7      | Identified the +7 war axe "Nokk" {venom, *Rage Will+ MP+9
                  | Dex+4}
  8096 | D:7      | Noticed a kobold demonologist
  8102 | D:7      | Killed a kobold demonologist
  8481 | D:7      | Noticed a troll
  8484 | D:7      | Killed a troll
  8572 | D:7      | Slain by an unseen horror

Illustrated notes

Levels and vault maps discovered:
D:1:      roderic_dead_forest, layout_loops_ring
D:2:      layout_loops_cross, basic_altar, kennysheep_pointless_box
D:3:      layout_loops_ring, ebering_ecumenical_altar_petrified, serial_glass,
          glass_columns_a, glass_columns_a, kennysheep_generic_room_5,
          uniq_natasha
D:4:      layout_loops_ring, corexii_checkpoint_a, nicolae_wooded_promenade
D:5:      layout_gridville, serial_shops, nicolae_shop_crystal,
          gup_ossuary_entry_pyramid
D:6:      layout_basic, chequers_temple_overflow_statue_of_worship,
          lemuel_crystal_altar, serial_shops, nicolae_shop_stone,
          nicolae_good_shop
D:7:      minmay_the_grid_triangle_9x9_rhombus_thin
          [minmay_the_grid_triangle_9x9_dagger,
          minmay_the_grid_triangle_9x9_prize_center,
          minmay_the_grid_triangle_9x9_zippers_vertical,
          minmay_the_grid_triangle_9x9_flanged_cone], layout_rooms,
          minmay_temple_entry_tees, gammafunk_ghost_hive
Temple:   cyrus_circular_temple

Skill      XL: |  1  2  3  4  5  6  7  8  9 |
---------------+----------------------------+-----
Stealth        | 3 4 |  4.0
Conjurations   | 5 6 7 9 10 | 10.6
Dodging        | 3 |  3.0
Hexes          | 1 3 4 5 7 8 |  8.3
Fighting       | 1 2 |  2.0
Spellcasting   | 4 5 7 9 |  9.0
Translocations | 2 |  2.0

Action                   |  1- 3 |  4- 6 |  7- 9 || total
-------------------------+-------+-------+-------++-------
Melee: Short sword       |     4 |       |       ||     4
       Dagger            |       |     3 |     2 ||     5
       Flail             |       |       |     6 ||     6
 Cast: Magic Dart        |    59 |    85 |    74 ||   218
       Searing Ray       |     4 |    18 |    34 ||    56
       Fulminant Prism   |       |     4 |    35 ||    39
       Iskenderun's Myst |       |       |     1 ||     1
Evoke: Wand              |       |       |     1 ||     1
  Use: Scroll            |       |     2 |     2 ||     4
       Potion            |       |       |     1 ||     1
 Stab: Sleeping          |     1 |     1 |       ||     2
Armor: Robe              |       |     4 |     9 ||    13
Dodge: Dodged            |     4 |     7 |    32 ||    43
Block: Other             |       |       |    14 ||    14
       Reflection        |       |       |     1 ||     1
